AoeStats
← Gim

Lombardia

507484853Analyzed
4v4 RM · 13d ago on Sep 18, 2026· 59m 19s· 8 players
Game mode
Random Map
Map size
Large (8 player)
Population
200
Speed
Normal
Resources
Standard
Victory
Conquest
Starting age
Dark Age
Ending age
Imperial Age
RankedLock teamsTeams togetherTeam positionsShared explorationLock speedFull tech treeHidden civsTurbo modeCheats
Victory
Defeat
🇭🇺 Vietnamese · Hungary
1303
+18
🇨🇴 Ethiopians · Colombia
1288
+18
🇫🇷 Britons · France
1284
+18
🇨🇳 Franks · China
1271
+19
🇨🇳 Khitans · China
1493
-24
🇨🇳 Magyars · China
1433
-22
🇨🇳 Shu · China
1331
-18
🇨🇳 Slavs · China
1092
-9
Gim
9:51 Feudal Age
11:54 Loom
15:20 Castle Age
13:42 Double-Bit Axe
24:45 Wheelbarrow
25:58 Scale Barding Armor
30:23 Husbandry
34:09 Imperial Age
32:06 Chain Barding Armor
31:41 Gold Mining
32:59 Forging
33:15 Hand Cart
35:06 Iron Casting
34:10 Cavalier
35:27 Bow Saw
36:19 Plate Barding Armor
36:49 Paladin
39:27 Blast Furnace
38:54 Caravan
42:01 Gold Shaft Mining
42:05 Coinage
42:48 Town Watch
47:00 Fortified Wall
47:42 Conscription
48:51 Chivalry
54:10 Masonry
54:52 Light Cavalry
55:29 Fletching
57:27 Architecture
Manueska
8:41 Loom
11:38 Feudal Age
12:18 Double-Bit Axe
20:00 Fletching
23:18 Horse Collar
24:34 Wheelbarrow
25:15 Padded Archer Armor
29:45 Castle Age
29:19 Gold Mining
29:50 Crossbowman
30:30 Bodkin Arrow
32:39 Leather Archer Armor
36:45 Ballistics
38:15 Thumb Ring
40:37 Gold Shaft Mining
43:56 Imperial Age
42:22 Stone Mining
43:06 Hand Cart
44:01 Arbalester
44:45 Bracer
45:49 Chemistry
45:16 Conscription
45:14 Bow Saw
45:25 Onager
46:09 Torsion Engines
46:26 Siege Engineers
47:18 Town Watch
48:25 Masonry
48:57 Siege Onager
51:15 Heavy Plow
52:37 Coinage
58:35 Banking
scurhun
11:05 Feudal Age
11:50 Loom
17:21 Double-Bit Axe
19:59 Horse Collar
20:21 Fletching
24:06 Castle Age
22:08 Gold Mining
25:06 Bow Saw
24:58 Heavy Plow
24:53 Stone Mining
26:37 Bodkin Arrow
26:17 Crossbowman
32:52 Stone Shaft Mining
33:09 Wheelbarrow
33:37 Hand Cart
39:24 Imperial Age
38:14 Padded Archer Armor
38:37 Ballistics
39:45 Murder Holes
39:54 Arbalester
40:46 Bracer
41:14 Paper Money
42:01 Chemistry
41:12 Thumb Ring
41:13 Town Watch
41:46 Leather Archer Armor
42:59 Two-Man Saw
44:31 Ring Archer Armor
44:57 Crop Rotation
44:40 Siege Engineers
44:39 Scale Mail Armor
47:04 Scale Barding Armor
48:10 Bombard Tower
47:58 Chatras
48:12 Forging
48:57 Town Patrol
48:27 Elite Battle Elephant
49:09 Husbandry
49:19 Bloodlines
49:46 Treadmill Crane
51:05 Chain Barding Armor
51:22 Hoardings
55:15 Iron Casting
56:30 Plate Barding Armor
57:51 Pikeman
58:32 Squires
58:51 Chain Mail Armor
Ikill-you2827
9:30 Feudal Age
15:24 Castle Age
13:11 Horse Collar
13:20 Double-Bit Axe
16:26 Loom
17:45 Squires
20:11 Wheelbarrow
21:08 Pikeman
22:55 Bow Saw
24:24 Stone Mining
32:44 Imperial Age
31:19 Ballistics
31:37 Hand Cart
33:24 Fletching
33:34 Padded Archer Armor
34:41 Chemistry
33:40 Crossbowman
35:40 Two-Man Saw
34:49 Heavy Plow
34:44 Town Watch
35:17 Capped Ram
36:28 Bodkin Arrow
37:49 Conscription
37:47 Arbalester
39:23 Leather Archer Armor
40:36 Halberdier
42:22 Scale Mail Armor
42:32 Forging
42:54 Bracer
43:05 Forging
43:02 Gold Mining
42:35 Elite Skirmisher
43:55 Chain Mail Armor
44:01 Imperial Skirmisher
46:29 Plate Mail Armor
46:34 Iron Casting
46:31 Ring Archer Armor
47:20 Yeomen
48:32 Gold Shaft Mining
50:40 Blast Furnace
50:10 Murder Holes
50:27 Masonry
49:58 Treadmill Crane
50:24 Siege Engineers
50:54 Warwolf
KISSSHOT
11:46 Feudal Age
15:23 Castle Age
13:11 Double-Bit Axe
13:15 Horse Collar
14:58 Loom
16:28 Bow Saw
16:56 Wheelbarrow
20:49 Heavy Plow
22:34 Hand Cart
23:25 Stone Mining
23:25 Gold Mining
25:47 Gold Shaft Mining
28:40 Imperial Age
26:27 Caravan
27:10 Town Watch
27:49 Fortified Wall
28:29 Town Patrol
29:18 Scale Barding Armor
29:13 Scale Mail Armor
29:23 Forging
28:46 Capped Ram
30:27 Two-Man Saw
29:58 Crop Rotation
30:39 Chain Barding Armor
30:11 Fletching
32:02 Coinage
33:08 Chemistry
32:19 Masonry
32:15 Siege Engineers
32:30 Ballistics
33:17 Banking
33:08 Chain Mail Armor
33:28 Iron Casting
33:29 Plate Barding Armor
34:20 Plate Mail Armor
35:52 Blast Furnace
34:48 Bodkin Arrow
34:27 Man-at-Arms
35:19 Druzhina
35:48 Conscription
35:34 Squires
34:56 Pikeman
35:19 Long Swordsman
35:49 Halberdier
37:22 Two-Handed Swordsman
38:10 Champion
39:45 Siege Ram
40:43 Murder Holes
41:55 Hoardings
41:39 Heavy Scorpion
41:54 Sappers
43:29 Onager
47:12 Siege Onager
48:48 Padded Archer Armor
59:17 Devotion
FoLuo
5:16 Loom
10:10 Feudal Age
10:13 Man-at-Arms
13:30 Arson
13:50 Fletching
16:13 Double-Bit Axe
22:29 Castle Age
22:12 Horse Collar
23:28 Bow Saw
23:13 Stone Mining
24:26 Wheelbarrow
28:24 Hand Cart
28:10 Gold Mining
29:26 Gold Shaft Mining
30:27 Heavy Plow
33:57 Imperial Age
31:14 Town Watch
31:59 Padded Archer Armor
32:40 Caravan
32:37 Bodkin Arrow
33:12 Crossbowman
34:38 Leather Archer Armor
34:05 Arbalester
34:54 Bracer
36:00 Chemistry
35:41 Thumb Ring
36:08 Ring Archer Armor
36:07 Conscription
37:30 Ballistics
37:17 Bolt Magazine
39:15 Two-Man Saw
40:01 Town Patrol
41:18 Guilds
41:25 Coiled Serpent Array
40:45 Elite White Feather Guard
42:01 Hoardings
41:45 Masonry
41:42 Siege Engineers
43:02 Scale Mail Armor
43:12 Forging
43:38 Architecture
43:04 Murder Holes
44:33 Chain Mail Armor
46:16 Plate Mail Armor
46:00 Fortified Wall
47:53 Guard Tower
47:48 Arrowslits
48:04 Squires
47:50 Gambesons
可爱透耀人
8:29 Feudal Age
9:21 Double-Bit Axe
11:58 Loom
12:20 Horse Collar
15:14 Scale Barding Armor
21:10 Castle Age
20:40 Wheelbarrow
20:44 Gold Mining
21:19 Bloodlines
22:19 Husbandry
22:42 Chain Barding Armor
25:10 Bow Saw
27:21 Heavy Plow
29:36 Hand Cart
31:36 Town Watch
31:59 Caravan
34:57 Imperial Age
35:23 Gold Shaft Mining
34:41 Stone Mining
35:00 Cavalier
36:18 Plate Barding Armor
36:20 Crop Rotation
37:00 Two-Man Saw
38:02 Paladin
40:39 Devotion
41:36 Fletching
42:14 Ballistics
41:37 Treadmill Crane
42:03 Siege Engineers
43:00 Chemistry
43:09 Heresy
43:11 Sanctity
44:31 Conscription
43:43 Sappers
44:48 Hoardings
46:27 Bodkin Arrow
52:14 Coinage
55:45 Banking
58:14 Masonry
58:14 Bracer
cookie tin
8:49 Feudal Age
9:24 Double-Bit Axe
10:52 Loom
13:12 Forging
15:34 Scale Barding Armor
17:37 Wheelbarrow
18:23 Domestication
20:56 Castle Age
19:01 Gold Mining
21:18 Light Cavalry
22:35 Iron Casting
22:11 Bow Saw
23:13 Chain Barding Armor
22:54 Husbandry
24:08 Pastoralism
24:38 Town Watch
25:41 Hand Cart
28:19 Stone Mining
35:28 Imperial Age
33:33 Scale Mail Armor
33:24 Fletching
33:34 Padded Archer Armor
34:02 Town Patrol
34:15 Caravan
35:44 Stone Shaft Mining
35:05 Bodkin Arrow
35:25 Chain Mail Armor
35:27 Masonry
35:08 Treadmill Crane
36:01 Devotion
36:22 Heresy
37:37 Plate Barding Armor
37:35 Ballistics
37:53 Guilds
38:07 Hussar
40:30 Two-Man Saw
39:52 Murder Holes
42:44 Chemistry
41:57 Fortified Wall
42:52 Bracer
43:31 Fervor
42:48 Elite Steppe Lancer
43:52 Conscription
45:36 Transhumance
46:26 Guard Tower
46:41 Siege Engineers
46:44 Ordo Cavalry
47:39 Coinage
48:18 Heavy Rocket Cart
49:08 Lamellar Armor
50:13 Banking
50:21 Faith
49:36 Heavy Camel Rider
50:11 Heated Shot
49:43 Capped Ram
51:08 Siege Ram
51:58 Elite Liao Dao
52:56 Leather Archer Armor
55:40 Plate Mail Armor
57:49 Ring Archer Armor
Connection lost

Rejoining the realm…

Still unreachable

The connection could not be restored.

Session expired

The server has moved on; the page needs a fresh start.